 Dungeon Crawl Stone Soup version 0.25.1-2-g60ff931df9 (webtiles) character file.

Game seed: 11053195610959956427

200 Ivernyr the Chiller (level 5, -5/24 HPs)
             Began as a Vine Stalker Ice Elementalist on Oct 16, 2020.
             Slain by a gnoll
             ... wielding a +0 flail
              (11 damage)
             ... on level 4 of the Dungeon.
             The game lasted 00:06:23 (2783 turns).

Ivernyr the Chiller (Vine Stalker Ice Elementalist) Turns: 2783, Time: 00:06:24

Health: -5/24      AC:  2    Str: 10    XL:     5   Next: 79%
Magic:  0/20       EV: 13    Int: 16    God:
Gold:   162        SH:  0    Dex: 15    Spells: 6/10 levels left

rFire    + . .     SeeInvis .   u - +0 mace
rCold    . . .     Gourm    .   (no shield)
rNeg     . . .     Faith    .   a - +0 robe
rPois    .         Spirit   +   (no helmet)
rElec    .         Reflect  .   (no cloak)
rCorr    .         Harm     .   (no gloves)
MR       .....                  (no boots)
Stlth    ++........             (no amulet)
HPRegen  0.48/turn              d - ring of magical power
MPRegen  0.17/turn              e - ring of protection from fire

@: no status effects
A: fangs 2, regeneration 1, magic shield, antimagic bite, no potion heal 3, rot
immunity
a: no special abilities


You were on level 4 of the Dungeon.
You were hungry.

You visited 1 branch of the dungeon, and saw 4 of its levels.

You collected 162 gold pieces.

Inventory:

Hand Weapons
 u - a +0 mace (weapon)
Armour
 a - a +0 robe (worn)
Jewellery
 d - a ring of magical power (left hand)
 e - a ring of protection from fire (right hand)
 g - an uncursed ring of flight
 j - an uncursed ring of protection from magic
 q - an uncursed ring of positive energy
Scrolls
 b - 2 scrolls of enchant weapon {unknown}
 f - 5 scrolls of remove curse {unknown}
 i - a scroll of teleportation {unknown}
 m - a scroll of amnesia {unknown}
 n - a scroll of identify {unknown}
 s - a scroll of noise {unknown}
 v - a scroll of immolation {unknown}
 y - 2 scrolls of fog {unknown}
Potions
 h - 2 potions of heal wounds {unknown}
 k - 3 potions of curing {unknown}
 l - 2 potions of lignification {unknown}
 o - a potion of haste {unknown}
 p - 2 potions of might {unknown}
 r - a potion of brilliance {unknown}
 t - a potion of berserk rage {unknown}
 w - a potion of resistance {unknown}
 z - a potion of degeneration {unknown}
Comestibles
 c - 3 rations
 x - 7 chunks of flesh


   Skills:
 + Level 2.7 Dodging
 - Level 2.4 Stealth
 + Level 3.4 Spellcasting
 * Level 5.6 Ice Magic


You had 6 spell levels left.
You knew the following spells:

 Your Spells              Type           Power        Failure   Level  Hunger
a - Freeze                Ice            ###.         1%          1    None
b - Frozen Ramparts       Ice            ###...       5%          3    ###....

Your spell library contained the following spells:

 Spells                   Type           Power        Failure   Level  Hunger
 Ozocubu's Armour         Chrm/Ice       ##......     17%         3    ###....
 Hailstorm                Conj/Ice       ##......     50%         4    ####...
 Summon Ice Beast         Ice/Summ       ##......     50%         4    ####...


Dungeon Overview and Level Annotations

Branches:
Dungeon (4/15)
 Temple: D:4-7

Altars:
Dithmenos
Hepliaklqana
Makhleb
Ru


Innate Abilities, Weirdness & Mutations

You have extremely sharp teeth.
Your natural rate of healing is unusually fast.
When hurt, damage is shared between your health and your magic reserves.
Your bite disrupts and absorbs the magic of your enemies.
Potions cannot restore your health.
You are immune to rotting.


Message History

There is an escape hatch in the floor here.
Items here: )) [ † a +0 club; a +0 leather armour; a +0 spear; a gnoll corpse The wall freezes the jackal.
The wall freezes the gnoll.
You are feeling hungry.
You barely miss the jackal. Your bite misses the jackal.
The jackal is severely wounded.
The wall freezes the jackal.
You kill the jackal!
The wall freezes the gnoll.
The wall freezes the worker ant.
You closely miss the gnoll.
The gnoll is severely wounded.
The wall freezes the worker ant.
The wall freezes the gnoll.
The gnoll hits you with a +0 flail.
* * * LOW HITPOINT WARNING * * *
The wall freezes the worker ant.
You barely miss the gnoll. Your bite misses the gnoll.
The gnoll is almost dead.
The frozen ramparts melt away.
The gnoll hits you with a +0 flail!
You die...

#.....# #### #.....#
#... #.....#
########... #.....#
#...(...... #.....#
#.......... #.....#
#.......... #.a...#
#..........
##'#########..........
#.ag@....##.......###
########.##.......#
######'#####.####
#............#
#..).....#####
#........####
#...........#
#...........#
#######.....#


You could see a worker ant and a gnoll.

Vanquished Creatures
  A gnoll shaman (D:4)
  An iguana (D:4)
  A worker ant (D:4)
  3 gnolls (D:4)
  3 adders (D:4)
  An ooze (D:3)
  3 worms
  3 leopard geckos
  3 orcs
  A ball python (D:2)
  8 bats
  4 goblins
  6 hobgoblins
  4 jackals (D:4)
  2 quokkas
  4 frilled lizards
  4 kobolds
  3 rats (D:3)
55 creatures vanquished.

Notes
Turn   | Place    | Note
-------+----------+-------------------------------------------
     0 | D:1      | Ivernyr the Vine Stalker Ice Elementalist began the quest
                  | for the Orb.
     0 | D:1      | Reached XP level 1. HP: 9/9 MP: 4/4
   229 | D:1      | Reached XP level 2. HP: 11/13 MP: 4/6
   635 | D:2      | Found a sacrificial altar of Ru.
  1006 | D:2      | Found a hazy altar of Hepliaklqana.
  1190 | D:2      | Found a shadowy altar of Dithmenos.
  1192 | D:2      | Reached XP level 3. HP: 14/16 MP: 4/7
  1197 | D:2      | Learned a level 3 spell: Frozen Ramparts
  2175 | D:3      | Found a burning altar of Makhleb.
  2177 | D:3      | Noticed a green death
  2390 | D:4      | Gained mutation: Your natural rate of healing is unusually
                  | fast. [Vine Stalker growth]
  2390 | D:4      | Reached XP level 4. HP: 16/21 MP: 9/9
  2508 | D:4      | Reached skill level 5 in Ice Magic
  2580 | D:4      | Reached XP level 5. HP: 20/24 MP: 10/10
  2783 | D:4      | Slain by a gnoll

Illustrated notes

Levels and vault maps discovered:
D:1:      dpeg_arrival_rooms_c, layout_rooms, minmay_cut_off
D:2:      layout_loops_ring, marbit_many_paths,
          nicolae_dithmenos_through_a_glass_darkly,
          lemuel_coloured_pillars_altar, corexii_corridor_pit, minmay_distorted
D:3:      layout_loops_ring, makhleb_altar_promises_db
D:4:      layout_basic, first_ration, uniq_duvessa

Skill      XL: |  1  2  3  4 |
---------------+-------------+-----
Dodging        | 2 |  2.7
Spellcasting   | 3 |  3.4
Ice Magic      | 5 |  5.6
Stealth        | |  2.4

Action                   |  1- 3 |  4- 6 || total
-------------------------+-------+-------++-------
Melee: Unarmed           |    24 |       ||    24
       Bite              |     5 |     8 ||    13
       Mace              |     2 |    15 ||    17
 Cast: Freeze            |    57 |    13 ||    70
       Frozen Ramparts   |       |     3 ||     3
 Stab: Sleeping          |     4 |       ||     4
  Eat: Chunk             |     5 |     1 ||     6
Armor: Robe              |    17 |     2 ||    19
Dodge: Dodged            |    50 |    22 ||    72
